 Dungeon Crawl Stone Soup version 0.28-a0-1594-ga885d4b3d6 (webtiles) character file.

Game seed: 8885607095654584342

7562 lunkers the Stormcaller (level 11, -5/55 HPs)
             Began as a Tengu Air Elementalist on Jan 20, 2022.
             Slain by a hornet (15 damage)
             ... on level 9 of the Dungeon.
             The game lasted 00:27:12 (15195 turns).

lunkers the Stormcaller (Tengu Air Elementalist)   Turns: 15195, Time: 00:27:12

Health: -5/55      AC:  4    Str: 11    XL:     11   Next: 17%
Magic:  12/24      EV: 16    Int: 27    God:
Gold:   511        SH:  0    Dex: 29    Spells: 16/26 levels left

rFire   . . .      SeeInvis .   g - +7 spear "Rygeh" {freeze, *Rage rCorr Int+5 Dex+4}
rCold   . . .      Faith    .   (no shield)
rNeg    + . .      Spirit   .   a - +0 robe
rPois   +          Reflect  .   r - +0 hat of Pandemonium {rElec rPois rN+ Dex+3}
rElec   +          Harm     .   p - +1 cloak
rCorr   +          Rampage  .   (no gloves)
Will    .....      Rage     20% (boots unavailable)
Stlth   +++.......              (no amulet)
HPRegen 0.18/turn               y - +6 ring of intelligence
MPRegen 0.19/turn               s - ring of Ignis's Envy {rPois Str+2 Int-4 Dex+8}

@: lethally poisoned (-5 -> -16), flying quickly and evasively, quick
A: beak, talons 3, nimble flight
a: no special abilities


You were on level 9 of the Dungeon.
You visited 1 branch of the dungeon, and saw 9 of its levels.

You collected 511 gold pieces.

Inventory:

Hand Weapons
 g - the +7 spear "Rygeh" (weapon) {freeze, *Rage rCorr Int+5 Dex+4}
   (You found it on level 2 of the Dungeon)

   It freezes those it strikes, dealing additional cold damage.
   It can also slow down cold-blooded creatures.
   Int:       It affects your intelligence (+5).
   Dex:       It affects your dexterity (+4).
   *Rage:     It berserks you when you make melee attacks (+20% chance).
   rCorr:     It protects you from acid and corrosion.
 t - the +9 dagger "Spiderslayer" {drain, Fragile rCorr Dex+8 Stlth-}
   (You found it on level 4 of the Dungeon)

   A truly terrible weapon, it drains the life of any living foe it strikes.
   Dex:       It affects your dexterity (+8).
   rCorr:     It protects you from acid and corrosion.
   Fragile:   It will be destroyed if unequipped.
   Stlth:     It makes you less stealthy.
 B - the +8 great sword of Raocur {vorpal, rN+}
   (You found it on level 8 of the Dungeon)

   It inflicts extra damage upon your enemies.
   rN:        It protects you from negative energy.
Missiles
 A - a throwing net
Armour
 a - a +0 robe (worn)
 p - a +1 cloak (worn)
 r - the +0 hat of Pandemonium (worn) {rElec rPois rN+ Dex+3}
   (You acquired it on level 4 of the Dungeon)

   Dex:       It affects your dexterity (+3).
   rElec:     It insulates you from electricity.
   rPois:     It protects you from poison.
   rN:        It protects you from negative energy.
Magical Staves
 u - a staff of conjuration
Jewellery
 d - a ring of magical power
 h - an amulet of faith
 s - the ring of Ignis's Envy (right hand) {rPois Str+2 Int-4 Dex+8}
   (You found it on level 4 of the Dungeon)

   [ring of poison resistance]

   Str:       It affects your strength (+2).
   Int:       It affects your intelligence (-4).
   Dex:       It affects your dexterity (+8).
   rPois:     It protects you from poison.
 y - a +6 ring of intelligence (left hand)
Wands
 q - a wand of paralysis (6)
 E - a wand of iceblast (4)
Scrolls
 b - a scroll of amnesia
 i - a scroll of blinking
 n - 3 scrolls of teleportation
 o - a scroll of identify
 D - a scroll of enchant weapon
Potions
 c - 6 potions of curing
 f - 4 potions of brilliance
 j - 3 potions of attraction
 k - 2 potions of flight
 l - 2 potions of haste
 m - a potion of magic
 v - a potion of mutation {unknown}
 w - 2 potions of berserk rage
 x - a potion of lignification {unknown}
 z - a potion of resistance {unknown}
 C - a potion of heal wounds {unknown}
Miscellaneous
 e - a tin of tremorstones (2/2)


   Skills:
 + Level 0.7 Fighting
 + Level 2.4 Dodging
 - Level 2.0 Stealth
 + Level 8.0 Spellcasting
 + Level 11.0 Conjurations
 * Level 15.7 Air Magic


You had 16 spell levels left.
You knew the following spells:

 Your Spells              Type           Power      Damage    Failure   Level
a - Airstrike             Air            38%        N/A       1%          4
b - Static Discharge      Conj/Air       70%        N/A       1%          2
c - Shock                 Conj/Air       100%       1d9       1%          1
p - Swiftness             Air            77%        N/A       1%          3

Your spell library contained the following spells:

 Spells                   Type           Power      Damage    Failure   Level
 Inner Flame              Hex/Fire       10%        N/A       16%         3
 Cause Fear               Hex            5%         N/A       45%         4
 Discord                  Hex            5%         N/A       100%        8


Dungeon Overview and Level Annotations

Branches:
Dungeon (9/15)             Temple (0/1) D:4            Lair (0/6) D:8
    Orc: D:9-12

Altars:
Dithmenos
Fedhas
Hepliaklqana
Kikubaaqudgha
Nemelex Xobeh
Sif Muna
Trog
Uskayaw
Wu Jian
Xom
The Shining One

Shops:
D:3 :   D:8 (

Annotations:
D:9 2 runed translucent doors


Innate Abilities, Weirdness & Mutations

You have a beak for a mouth.
You have claws for feet.
Your magical nature lets you fly swiftly and evasively.


Message History

You destroy the wraith!
You start resting.
HP restored.
You start resting.
Magic restored.
A killer bee comes into view.
The hornet buzzes angrily.
The killer bee buzzes angrily.
You hear a howl!
Casting: Airstrike (safe; 1% risk of failure)
Confirm with . or Enter, or press ? or * to list all spells.
The air twists around and strikes the hornet!
The hornet is moderately wounded.
Casting: Airstrike (safe; 1% risk of failure)
Confirm with . or Enter, or press ? or * to list all spells.
The air twists around and strikes the hornet!
The hornet is severely wounded.
The hornet stings you!
You are poisoned.
The hornet stings you!
* * * LOW HITPOINT WARNING * * *
You suddenly lose the ability to move!
You feel sick. The killer bee stings you.
* * * LOW HITPOINT WARNING * * *
The hornet stings you!
* * * LOW HITPOINT WARNING * * *
The killer bee stings you.
* * * LOW HITPOINT WARNING * * *
You are lethally poisoned!
The killer bee poisons you!
You can move again.
Casting: Airstrike (safe; 1% risk of failure)
Confirm with . or Enter, or press ? or * to list all spells.
Aiming: Airstrike (safe; 1% risk of failure)
Press: ? - help, Dir - move target, f/p - hornet
Aim: a hornet (severely wounded, empty space bonus: 4/8)
The air twists around and strikes the hornet!
The hornet is almost dead.
* * * LOW HITPOINT WARNING * * *
You feel very sick. The hornet stings you!
You die...

#.##
......#..#......#
#..##
h.....#..#......#
#...####
#####..#..#..#####
.......+
#......#..#......#
#...####
#......#..#......#
#..##
#..#####..#####..#
..##
#......#..#......#
.##
#...yy.#..#..)..)#
.
#####@.#..#..#####
.
#......#..#......#
.
#......#..#......#
#..#####..#####..#
#................#
#................#
##################


You could see a hornet and a killer bee.

Vanquished Creatures
  Erica (D:8)
  Pikel (D:8)
  A manticore (D:9)
  Joseph (D:8)
  Psyche (D:8)
  A meliai (shapeshifter) (D:9)
  Prince Ribbit (D:7)
  A wraith (D:9)
  Sigmund (D:4)
  A wyvern (D:9)
  2 water moccasins
  An acid dragon (D:9)
  Duvessa (D:4)
  3 orc warriors
  2 ice beasts
  A hornet zombie (D:6)
  A necrophage (D:7)
  3 black bears
  An ogre (D:6)
  11 centaurs
  2 phantoms
  A lemure (D:8)
  4 scorpions
  2 bullfrogs
  Dowan (D:4)
  12 wights
  9 killer bees
  A howler monkey (D:7)
  2 centaur zombies
  3 hounds
  2 bullfrog zombies
  4 orc priests
  2 jellies
  A centaur skeleton (D:4)
  2 iguanas
  Ijyb (D:4)
  A scorpion zombie (D:5)
  6 orc wizards
  A centaur simulacrum (D:9)
  A hound skeleton (D:4)
  3 howler monkey zombies
  3 gnolls
  A howler monkey skeleton (D:4)
  8 adders
  2 white imps
  An ufetubus (D:5)
  A worm (D:3)
  3 dart slugs
  24 orcs
  4 endoplasms
  5 giant cockroaches
  8 goblins
  6 hobgoblins
  3 jackals (D:4)
  2 quokkas (D:3)
  5 ball pythons
  5 bats
  2 frilled lizards
  A goblin skeleton (D:8)
  A goblin zombie (D:8)
  5 hobgoblin zombies (D:8)
  5 kobolds
  A kobold skeleton (D:8)
  2 kobold zombies (D:8)
  2 orc skeletons (D:8)
  An orc zombie (D:8)
  8 rats
206 creatures vanquished.

Notes
Turn   | Place    | Note
-------+----------+-------------------------------------------
     0 | D:1      | lunkers the Tengu Air Elementalist began the quest for the
                  | Orb.
     0 | D:1      | Reached XP level 1. HP: 10/10 MP: 4/4
   281 | D:1      | Reached XP level 2. HP: 15/15 MP: 3/6
   693 | D:1      | Reached XP level 3. HP: 14/19 MP: 1/7
   790 | D:2      | Reached skill level 5 in Air Magic
  1117 | D:2      | Identified the +7 spear "Rygeh" {freeze, *Rage rCorr Int+5
                  | Dex+4}
  1308 | D:2      | Found a faded altar of an unknown god.
  1355 | D:2      | Reached XP level 4. HP: 6/24 MP: 5/8
  1711 | D:2      | Found a sparkling altar of Nemelex Xobeh.
  1763 | D:2      | Learned a level 2 spell: Static Discharge
  1767 | D:2      | Learned a level 3 spell: Swiftness
  2674 | D:3      | Gained mutation: Your magical nature lets you fly swiftly
                  | and evasively. [Tengu growth]
  2674 | D:3      | Reached XP level 5. HP: 28/28 MP: 8/10
  2821 | D:3      | Reached skill level 6 in Air Magic
  2944 | D:3      | Noticed a moth of wrath
  2946 | D:3      | Found a bloodstained altar of Trog.
  3329 | D:3      | Found Nicienga's Book Emporium.
  3694 | D:4      | Noticed an orc warrior
  3910 | D:4      | Found a staircase to the Ecumenical Temple.
  4033 | D:4      | Learned a level 4 spell: Airstrike
  4327 | D:4      | Reached XP level 6. HP: 32/32 MP: 7/11
  4724 | D:4      | Noticed Ijyb
  4726 | D:4      | Killed Ijyb
  4727 | D:4      | Reached skill level 7 in Air Magic
  4929 | D:4      | Noticed Sigmund
  4932 | D:4      | Killed Sigmund
  4933 | D:4      | Reached XP level 7. HP: 25/36 MP: 0/13
  4934 | D:4      | Noticed Dowan
  5095 | D:4      | Killed Dowan
  5233 | D:4      | Reached skill level 5 in Conjurations
  5233 | D:4      | Reached skill level 8 in Air Magic
  5339 | D:4      | Noticed Duvessa
  5347 | D:4      | Killed Duvessa
  5434 | D:4      | Found a shadowy altar of Dithmenos.
  5500 | D:4      | Identified the +9 dagger "Spiderslayer" {drain, Fragile
                  | rCorr Dex+8 Stlth-}
  5500 | D:4      | Identified the ring of Ignis's Envy {rPois Str+2 Int-4
                  | Dex+8}
  5772 | D:4      | Reached skill level 9 in Air Magic
  5772 | D:4      | Reached XP level 8. HP: 34/41 MP: 2/15
  5782 | D:4      | Found an ancient bone altar of Kikubaaqudgha.
  6025 | D:4      | Identified a scroll of acquirement
  6025 | D:4      | Acquired the +0 hat of Pandemonium {rElec rPois rN+ Dex+3}
  6079 | D:5      | Entered Level 5 of the Dungeon
  6614 | D:5      | Found a shimmering altar of Xom.
  6888 | D:5      | You are sucked into a shaft and drop 1 floor!
  6926 | D:6      | Reached skill level 10 in Air Magic
  7024 | D:6      | Reached skill level 5 in Spellcasting
  7936 | D:6      | Reached skill level 11 in Air Magic
  7936 | D:6      | Reached XP level 9. HP: 45/45 MP: 9/18
  7999 | D:6      | Found an ornate altar of the Wu Jian Council.
  8124 | D:6      | Found a sparkling altar of Nemelex Xobeh.
  8713 | D:6      | Found a shimmering blue altar of Sif Muna.
  9203 | D:7      | Reached skill level 12 in Air Magic
  9351 | D:7      | Found a hide-covered altar of Uskayaw.
  9378 | D:7      | Found a blossoming altar of Fedhas.
  9906 | D:7      | Noticed Prince Ribbit
  9912 | D:7      | Killed Prince Ribbit
 10801 | D:8      | Found Ubbublum's Weapon Shoppe.
 11001 | D:8      | Found a glowing golden altar of the Shining One.
 11001 | D:8      | Identified the +8 great sword of Raocur {vorpal, rN+}
 11181 | D:8      | Noticed Psyche
 11184 | D:8      | Killed Psyche
 11185 | D:8      | Reached skill level 13 in Air Magic
 11185 | D:8      | Reached XP level 10. HP: 50/50 MP: 7/20
 11412 | D:8      | Found a staircase to the Lair.
 11899 | D:8      | Noticed Joseph
 11905 | D:8      | Killed Joseph
 12003 | D:8      | Noticed Pikel
 12008 | D:8      | Killed Pikel
 12009 | D:8      | Reached skill level 14 in Air Magic
 12444 | D:8      | Noticed Erica
 12478 | D:8      | Killed Erica
 12479 | D:8      | Reached skill level 10 in Conjurations
 12745 | D:8      | Found a hazy altar of Hepliaklqana.
 12945 | D:9      | Noticed a manticore
 12950 | D:9      | Killed a manticore
 13396 | D:9      | Found a large runed translucent door.
 13397 | D:9      | Found a large runed translucent door.
 13533 | D:9      | Reached skill level 15 in Air Magic
 14096 | D:9      | Reached XP level 11. HP: 40/54 MP: 10/23
 15193 | D:9      | Paralysed by a hornet for 2 turns
 15195 | D:9      | Slain by a hornet

Illustrated notes

Levels and vault maps discovered:
D:1:      shiori_shiawase, layout_rooms
D:2:      layout_loops_ring, basic_altar, shapermc_ecumenical_altar_ellora
D:3:      layout_loops_ring, tgw_trog, serial_shops, nicolae_lakefront_shop
D:4:      layout_loops_corners, nicolae_kikubaaqudgha_miasma_corner,
          mainiacjoe_overflow_tiny_flanked, minmay_temple_entry_mini_moons,
          hangedman_feature_mirror, uniq_duvessa, uniq_ijyb, uniq_sigmund
D:5:      layout_basic, tgw_xom
D:6:      layout_loops_ring, kennysheep_orc_sif_temple,
          nzn_wu_jian_contemplation, nemelex_spade_bored_becter
D:7:      layout_rooms, mainiacjoe_overflow_alcove_1, fedhas_altar_1,
          serial_co_window_serial, co_window_paths_a, co_window_corner_a,
          co_window_paths_b, co_window_paths_a, co_window_cross_1,
          co_window_of_opportunity_a, co_window_paths_c, co_window_corner_b,
          co_window_broadway_b, glass_columns_a, glass_columns_a,
          glass_columns_a, minmay_fractal_squares_gapless_5, uniq_prince_ribbit1
D:8:      layout_basic, nicolae_tso_besieged_by_evil,
          worldfamousw_hep_ancestral_shrine, lair_entry_dummy, serial_shops,
          nicolae_stop_n_shop_1, dk_vineyard_3, nicolae_straight_to_the_point,
          uniq_pikel, uniq_erica, uniq_joseph, uniq_psyche
D:9:      kennysheep_windowed_halls, layout_loops_corners,
          jmf_multi_god_temple2, centaur_isle

Skill      XL: |  1  2  3  4  5  6  7  8  9 10 11 |
---------------+----------------------------------+-----
Conjurations   | 2 3 4 5 7 9 10 11 | 11.0
Air Magic      | 5 6 7 9 11 13 15 | 15.7
Spellcasting   | 3 4 5 6 7 8 |  8.0
Fighting       | |  0.7
Dodging        | |  2.4
Stealth        | |  2.0

Action                   |  1- 3 |  4- 6 |  7- 9 | 10-12 || total
-------------------------+-------+-------+-------+-------++-------
Melee: Kick              |     1 |     2 |     7 |     3 ||    13
       Unarmed           |     1 |       |       |       ||     1
       Spear             |     2 |    18 |    29 |     7 ||    56
       Peck              |       |     3 |     5 |       ||     8
 Cast: Shock             |    42 |   100 |       |       ||   142
       Static Discharge  |       |     9 |     1 |       ||    10
       Airstrike         |       |     6 |   130 |    96 ||   232
Evoke: Wand              |       |       |     1 |     6 ||     7
  Use: Scroll            |       |     4 |    13 |     3 ||    20
 Stab: Paralysed         |       |       |     2 |       ||     2
Armor: Robe              |     1 |     8 |     2 |     4 ||    15
Dodge: Dodged            |     9 |    31 |    24 |    25 ||    89

Table legend: (Time is in decaauts)
 A = Elapsed time spent in this place.
 B = Non-inter-level travel time spent in this place.
 C = Inter-level travel time spent in this place.
 D = Time resting spent in this place.
 E = Time spent auto-exploring this place.
 F = Levels seen in this place.
 G = Mean time per level.
                   A        B        C        D        E       F      G
               +--------+--------+--------+--------+--------+-----+--------+
         Total |  14801 |  14499 |    302 |   1698 |  11343 |   9 | 1644.6 |
       Dungeon |  14801 |  14499 |    302 |   1698 |  11343 |   9 | 1644.6 |
               +--------+--------+--------+--------+--------+-----+--------+

Top non-repeatable levels by time:
     D:9: 2305 daAuts
     D:4: 2159 daAuts
     D:6: 1974 daAuts
     D:7: 1913 daAuts
     D:8: 1831 daAuts
     D:3: 1429 daAuts
     D:2: 1333 daAuts
     D:1: 1067 daAuts
     D:5: 787 daAuts
